AoeStats
← jack122800

Scandinavia

510701392Analyzed
1v1 RM · 16h ago on Oct 2, 2026· 47m 22s· 2 players
Game mode
Random Map
Map size
Tiny (2 player)
Population
200
Speed
Normal
Resources
Standard
Victory
Conquest
Starting age
Dark Age
Ending age
Imperial Age
RankedLock teamsTeams togetherTeam positionsShared explorationLock speedFull tech treeHidden civsTurbo modeCheats
Victory
Defeat
🇮🇳 Goths · India
1077
+16
🇹🇼 Spanish · Taiwan
1075
-16
jack122800
12:20 Feudal Age
11:11 Loom
22:07 Castle Age
30:40 Padded Archer Armor
35:50 Bloodlines
myandacct2
2:15 Loom
9:38 Feudal Age
9:49 Man-at-Arms
16:33 Bloodlines
18:46 Double-Bit Axe
22:08 Castle Age
19:52 Horse Collar
20:50 Scale Barding Armor
21:29 Forging
21:11 Gold Mining
23:17 Chain Barding Armor
24:34 Bow Saw
25:25 Husbandry
28:04 Heavy Plow
29:01 Iron Casting
32:44 Padded Archer Armor
32:35 Fletching
33:43 Elite Skirmisher
36:46 Bodkin Arrow
42:29 Wheelbarrow
Connection lost

Rejoining the realm…

Still unreachable

The connection could not be restored.

Session expired

The server has moved on; the page needs a fresh start.